 Dungeon Crawl Stone Soup version 0.18.1-8-gdd0e5ea (webtiles) character file.

147 Hipnos the Digger (level 5, 0/28 HPs)
             Began as a Gargoyle Earth Elementalist on May 23, 2016.
             Slain by an ogre
             ... wielding a +0 giant club
              (10 damage)
             ... on level 3 of the Dungeon.
             The game lasted 00:09:29 (2664 turns).

Hipnos the Digger (Gargoyle Earth Elementalist)     Turns: 2664, Time: 00:09:30

Health: 0/28       AC:  8    Str: 12    XL:     5   Next: 29%
Magic:  6/10       EV: 12    Int: 16    God:
Gold:   121        SH:  0    Dex: 10    Spells: 3 memorised, 5 levels left

rFire  + + .     SeeInvis .     s - +0 whip
rCold  x . .     Gourm    .     w - +1 robe {rF+}
rNeg   + . .     Faith    .     (no shield)
rPois  ∞         Spirit   .     (no helmet)
rElec  +         Dismiss  .     (no cloak)
rCorr  .         Reflect  .     (no gloves)
SustAt .         Harm     .     t - +0 pair of boots
MR     .....                    (no amulet)
Stlth  ++........               o - ring of fire
                                f - ring of poison resistance

@: not resistant to hostile enchantments, unstealthy
A: negative energy resistance 1, electricity resistance, unbreathing,
petrification resistance, rot immunity, AC +4
a: no special abilities


You were on level 3 of the Dungeon.
You were not hungry.

You visited 1 branch of the dungeon, and saw 3 of its levels.

You collected 121 gold pieces.

Inventory:

Hand Weapons
 s - a +0 whip (weapon)
Armour
 a - a +0 robe
 g - a +0 leather armour
 t - a +0 pair of boots (worn)
 w - a +1 robe of fire resistance (worn)
Jewellery
 f - a ring of poison resistance (left hand)
 o - a ring of fire (right hand)
Scrolls
 e - 3 scrolls of identify
 i - 2 scrolls of fog {unknown}
 k - a scroll of blinking {unknown}
 n - a scroll of noise {unknown}
 r - a scroll of enchant weapon
Potions
 b - a potion of ambrosia
 l - 2 potions of curing
 m - a potion of lignification
 q - a potion of degeneration
 v - a potion of heal wounds
Books
 c - a book of Geomancy

   Spells                             Type                      Level
   a - Sandblast                      Earth                        1
   b - Passwall                       Transmutation/Earth          2
   c - Stone Arrow                    Conjuration/Earth            3
   d - Petrify                        Transmutation/Earth          4
   e - Lee's Rapid Deconstruction     Earth                        5
 u - a book of Party Tricks

   Spells                             Type                      Level
   a - Summon Butterflies             Summoning                    1
   b - Apportation                    Translocation                1
   c - Tukima's Dance                 Hexes                        3
   d - Alistair's Intoxication        Transmutation/Poison         5
   e - Invisibility                   Hexes                        6
Comestibles
 d - 3 bread rations
 h - 2 meat rations
 j - 7 chunks of flesh
 p - a beef jerky


   Skills:
 + Level 0.2 Fighting
 + Level 0.9 Armour
 + Level 2.2 Dodging
 - Level 2.1 Stealth
 + Level 3.5 Spellcasting
 - Level 0.7 Transmutations
 + Level 5.0 Earth Magic


You had 5 spell levels left.
You knew the following spells:

 Your Spells              Type           Power        Failure   Level  Hunger
a - Sandblast             Erth           ###...       2%          1    None
b - Passwall              Trmt/Erth      ##........   10%         2    ##.....
c - Stone Arrow           Conj/Erth      ##....       21%         3    ###....


Dungeon Overview and Level Annotations

Branches:
Dungeon (3/15)

Altars:
Dithmenos


Innate Abilities, Weirdness & Mutations

You are resistant to torment.
Your stone body is resilient (AC +4).
You are immune to poison.
You resist negative energy.
You are resistant to electric shocks.
You can survive without breathing.
You are immune to petrification.
You are immune to rotting.


Message History

The blast of sand hits the ogre.
The ogre is heavily wounded.
The ogre completely misses you.
Casting: Sandblast
Confirm with . or Enter, or press ? or * to list all spells.
Aiming: Sandblast
Press: ? - help, Shift-Dir - straight line, f/p - ogre
Aim: an ogre, wielding a giant club (heavily wounded)
The blast of sand hits the ogre.
The ogre is heavily wounded.
The ogre closely misses you.
Casting: Sandblast
Confirm with . or Enter, or press ? or * to list all spells.
Aiming: Sandblast
Press: ? - help, Shift-Dir - straight line, f/p - ogre
Aim: an ogre, wielding a giant club (heavily wounded)
The blast of sand hits the ogre.
The ogre is severely wounded.
The ogre hits you with a giant club!
You die...

###.### ##...## #.# ##.#
##.....## ####.# ##..#
##.......## ##.##.#
##...####.........####...#.##
#.......'.........'......>...
##...####.........####...#.##
##.÷# ##.....).## ##.##.##
##.# ##O....## ##.#..... #>#
##@..## ##..).###. #.# ##'##
#.....# #. ####.########.#
##....###. ####....#........#
##.#..... #.......#.######.##
#.###### #.##.##.....?##...##
#.# #.##...##.#)..).######.#
#.##...# ##.<.........#
#......# ##.##########


You could see an ogre.

Vanquished Creatures
  Ijyb (D:3)
  5 adders
  2 oozes (D:2)
  2 worms (D:2)
  A giant gecko (D:1)
  3 bats
  3 giant cockroaches
  7 goblins
  7 hobgoblins
  5 jackals
  7 kobolds
  11 giant newts
  10 rats
64 creatures vanquished.

Notes
Turn   | Place    | Note
--------------------------------------------------------------
     0 | D:1      | Hipnos the Gargoyle Earth Elementalist began the quest for the Orb.
     0 | D:1      | Reached XP level 1. HP: 10/10 MP: 3/3
   593 | D:1      | Reached skill level 4 in Earth Magic
   593 | D:1      | Reached XP level 2. HP: 15/15 MP: 3/5
  1128 | D:1      | Reached XP level 3. HP: 19/19 MP: 2/6
  1637 | D:2      | Reached XP level 4. HP: 24/24 MP: 2/8
  1641 | D:2      | Learned a level 2 spell: Passwall
  1645 | D:2      | Learned a level 3 spell: Stone Arrow
  1720 | D:2      | Found a shadowy altar of Dithmenos.
  2467 | D:3      | Noticed Ijyb
  2498 | D:3      | Killed Ijyb
  2498 | D:3      | Reached XP level 5. HP: 28/28 MP: 1/10
  2595 | D:3      | Reached skill level 5 in Earth Magic
  2596 | D:3      | Noticed an ogre
  2664 | D:3      | Slain by an ogre

Skill      XL: |  1  2  3  4  5 |
---------------+----------------+-----
Earth Magic    | 4 5 |  5.0
Dodging        | 2 |  2.2
Spellcasting   | 3 |  3.5
Fighting       | |  0.2
Armour         | |  0.9
Stealth        | |  2.1
Transmutations | |  0.7

Action                   |  1- 3 |  4- 6 || total
-------------------------+-------+-------++-------
Melee: Unarmed           |     3 |       ||     3
       Whip              |       |    44 ||    44
 Cast: Sandblast         |    64 |    51 ||   115
  Use: Scroll            |     2 |     5 ||     7
 Stab: Sleeping          |       |     2 ||     2
  Eat: Chunk             |     3 |     3 ||     6
Armor: Robe              |    13 |    11 ||    24
       Leather armour    |    24 |    23 ||    47
Dodge: Dodged            |    66 |    46 ||   112
